AoeStats
← tcavagnaro

Arabia

510119725Analyzed
1v1 RM · 4d ago on Sep 29, 2026· 16m 18s· 2 players
Game mode
Random Map
Map size
Tiny (2 player)
Population
200
Speed
Normal
Resources
Standard
Victory
Conquest
Starting age
Dark Age
Ending age
Imperial Age
RankedLock teamsTeams togetherTeam positionsShared explorationLock speedFull tech treeHidden civsTurbo modeCheats
Victory
Defeat
🇬🇧 Danes · United Kingdom
974
+17
🇻🇮 Aztecs · U.S. Virgin Islands
1000
-51
Just Stop Oil
7:17 Loom
9:41 Feudal Age
10:20 Double-Bit Axe
12:42 Man-at-Arms
14:33 Arson
16:24 Wheelbarrow
15:32 Horse Collar
16:38 Gold Mining
tcavagnaro
12:01 Feudal Age
13:31 Wheelbarrow
Connection lost

Rejoining the realm…

Still unreachable

The connection could not be restored.

Session expired

The server has moved on; the page needs a fresh start.